 Dungeon Crawl Stone Soup version 0.30-a0-586-g23e55c9e0a (webtiles) character file.

Game seed: 9647187137794564987

379 bande the Covered (level 6, -2/38 HPs)
             Began as a Gargoyle Fighter on Jan 3, 2023.
             Slain by a black bear (5 damage)
             ... on level 4 of the Dungeon.
             The game lasted 00:06:36 (3337 turns).

bande the Covered (Gargoyle Fighter)                Turns: 3337, Time: 00:06:36

Health: -2/38      AC: 14    Str: 20    XL:     6   Next: 74%
Magic:  6/6        EV: 10    Int:  8    God:
Gold:   179        SH:  4    Dex: 11    Spells: 5/5 levels left

rFire   . . .      SeeInvis .    a - +1 war axe
rCold   . . .      Faith    .    c - +0 buckler
rNeg    + . .      Spirit   .    o - +3 ring mail
rPois   ∞          Reflect  .    p - +0 helmet
rElec   +          Harm     .    (no cloak)
rCorr   +          Rampage  .    (no gloves)
Will    .....                    (no boots)
Stlth   +                        (no amulet)
HPRegen 0.26/turn                n - ring of resist corrosion
MPRegen 0.10/turn                (no ring)

@: mighty
A: sickness immunity, AC +4, negative energy resistance 1, electricity
resistance, torment resistance 1, petrification resistance
a: no special abilities


You were on level 4 of the Dungeon.
You visited 1 branch of the dungeon, and saw 4 of its levels.

You collected 179 gold pieces.

Inventory:

Hand Weapons
 a - a +1 war axe (weapon)
 b - a +0 flail of holy wrath
 q - a +0 war axe
Armour
 c - a +0 buckler (worn)
 o - a +3 ring mail (worn)
 p - a +0 helmet (worn)
Jewellery
 n - a ring of resist corrosion (left hand)
Scrolls
 f - 2 scrolls of teleportation
 k - 3 scrolls of identify
Potions
 g - a potion of magic
 h - a potion of curing
 j - a potion of resistance
 l - 2 potions of haste


   Skills:
 + Level 4.2 Fighting
 + Level 4.7 Axes
 + Level 4.8 Armour
 + Level 4.0 Shields


You had 5 spell levels left.
You didn't know any spells.
Your spell library contained the following spells:

 Spells                   Type           Power      Damage    Failure   Level
 Tukima's Dance           Hex            0%         N/A       95%         3
 Passage of Golubria      Tloc           0%         N/A       100%        4
 Petrify                  Tmut/Erth      0%         N/A       100%        4
 Metabolic Englaciation   Hex/Ice        0%         N/A       100%        5
 Yara's Violent Unravell  Hex/Tmut       0%         3d3       100%        5
 Statue Form              Tmut/Erth      Unusable   N/A       N/A         6

Dungeon Overview and Level Annotations

Branches:
Dungeon (4/15)
 Temple: D:4-7

Altars:
Elyvilon

Shops:
D:2 :


Innate Abilities, Weirdness & Mutations

You are immune to sickness and miasma.
Your stone body is resilient. (AC +4)
You are immune to poison.
You resist negative energy. (rN+)
You are resistant to electric shocks. (rElec)
You are resistant to unholy torment.
You are immune to petrification.


Message History

You hit the black bear.
The black bear bites you but does no damage.
The black bear claws you but does no damage.
The black bear claws you.
* * * LOW HITPOINT WARNING * * *
The gnoll hits you from afar with a +0 halberd.
* * * LOW HITPOINT WARNING * * *
The black bear barely misses you.
The black bear claws you but does no damage. x2
The gnoll closely misses you.
You see here a +0 whip.
Unknown command.
You completely miss the black bear.
The black bear is moderately wounded.
You closely miss the gnoll. The black bear bites you.
* * * LOW HITPOINT WARNING * * *
The black bear closely misses you.
The black bear claws you but does no damage.
The gnoll barely misses you.
Unknown command.
You barely miss the black bear.
The black bear is moderately wounded.
You slash the gnoll!
You kill the gnoll!
You block the black bear's attack.
The black bear claws you but does no damage. x2
The black bear completely misses you.
The black bear claws you but does no damage.
The black bear claws you.
* * * LOW HITPOINT WARNING * * *
Unknown command.
You hit the black bear.
The black bear is heavily wounded.
The black bear bites you.
* * * LOW HITPOINT WARNING * * *
The black bear claws you but does no damage. x2
You completely miss the black bear.
The black bear is heavily wounded.
The black bear bites you.
You die...

#### #### #### ..# #..
..# #.# #.#####.# ##
#.###.......######.##
#..........h)....).$###
#.###.#..#.@###.......#
.#####.# #.#.†#..#
#........# .......#
#.......# #..#.##..#
###.#### #.####.##
#..#..# )# #.####
#......# #..# .#
##....########## #..#
.# #........# #... .
#..##.#..# #### ##
#..##.#..#


You could see a black bear.

Vanquished Creatures
  A black bear (D:4)
  A howler monkey (D:4)
  A hound (D:4)
  Robin (D:3)
  6 gnolls (D:4)
  4 adders
  4 worms
  A dart slug (D:1)
  4 orcs
  10 endoplasms
  5 giant cockroaches
  12 goblins
  12 hobgoblins
  2 jackals (D:1)
  2 quokkas
  4 ball pythons (D:1)
  8 bats
  5 frilled lizards
  13 kobolds
  4 rats
100 creatures vanquished.

Vanquished Creatures (others)
  A plant (D:1)
1 creature vanquished.

Grand Total: 101 creatures vanquished

Notes
Turn   | Place    | Note
-------+----------+-------------------------------------------
     0 | D:1      | bande the Gargoyle Fighter began the quest for the Orb.
     0 | D:1      | Reached XP level 1. HP: 14/14 MP: 1/1
   261 | D:1      | Reached XP level 2. HP: 17/19 MP: 2/2
   474 | D:1      | Reached XP level 3. HP: 23/23 MP: 3/3
   662 | D:1      | Found a faded altar of an unknown god.
  1116 | D:2      | Found Isauj's Book Shop.
  1129 | D:2      | Reached XP level 4. HP: 20/29 MP: 4/4
  1894 | D:3      | Noticed Robin
  2251 | D:3      | Killed Robin
  2271 | D:3      | Reached XP level 5. HP: 30/33 MP: 5/5
  2623 | D:3      | Found a white marble altar of Elyvilon.
  3206 | D:4      | Reached XP level 6. HP: 29/38 MP: 6/6
  3207 | D:4      | Noticed a black bear
  3224 | D:4      | Killed a black bear
  3315 | D:4      | Noticed a black bear
  3337 | D:4      | Slain by a black bear

Illustrated notes

Levels and vault maps discovered:
D:1:      dpeg_arrival_concentric_ovals, layout_loops_ring,
          hellmonk_ecumenical_altar_zigzags, serial_bayou_ford_a,
          minmay_misc_feat_doors, minmay_pentomino_p4
D:2:      layout_basic, serial_shops, nicolae_shop_stone, minmay_crystal_room
D:3:      layout_loops_cross, elyvilon_altar_3, uniq_robin
D:4:      layout_loops_cross, lemuel_doored_altar

Skill      XL: |  1  2  3  4  5  6 |
---------------+-------------------+-----
Axes           | 2 3 4 |  4.7
Armour         | 4 |  4.8
Fighting       | 4 |  4.2
Shields        | 4 |  4.0

Action                   |  1- 3 |  4- 6 || total
-------------------------+-------+-------++-------
Melee: War axe           |   107 |   148 ||   255
  Use: Scroll            |       |    14 ||    14
       Potion            |       |     2 ||     2
Armor: Scale mail        |    71 |     2 ||    73
       Ring mail         |       |   105 ||   105
Dodge: Dodged            |    63 |   102 ||   165
Block: Buckler           |    23 |    55 ||    78

Table legend: (Time is in decaauts)
 A = Elapsed time spent in this place.
 B = Non-inter-level travel time spent in this place.
 C = Inter-level travel time spent in this place.
 D = Time resting spent in this place.
 E = Time spent auto-exploring this place.
 F = Levels seen in this place.
 G = Mean time per level.
                   A        B        C        D        E       F      G
               +--------+--------+--------+--------+--------+-----+--------+
         Total |   3452 |   3385 |     67 |    489 |   2103 |   4 |  863.0 |
       Dungeon |   3452 |   3385 |     67 |    489 |   2103 |   4 |  863.0 |
               +--------+--------+--------+--------+--------+-----+--------+

Top non-repeatable levels by time:
     D:2: 1245 daAuts
     D:1: 1041 daAuts
     D:3: 800 daAuts
     D:4: 365 daAuts
